AoeStats
← Buhr

Nomad

510828922Analyzed
4v4 RM · 8h ago on Oct 2, 2026· 18m 19s· 8 players
Game mode
Random Map
Map size
231×231
Population
200
Speed
Normal
Resources
Standard
Victory
Conquest
Starting age
Dark Age
Ending age
Imperial Age
RankedLock teamsTeams togetherTeam positionsShared explorationLock speedFull tech treeHidden civsTurbo modeCheats
Victory
Defeat
🇹🇼 Mongols · Taiwan
1515
+14
🇧🇷 Dravidians · Brazil
1505
+15
🇦🇷 Bohemians · Argentina
1494
+15
🇨🇳 Berbers · China
1420
+18
🇪🇪 Jurchens · Estonia
1513
-17
🇲🇽 Berbers · Mexico
1475
-16
🇺🇸 Poles · United States
1454
-15
🇬🇧 Varangians · United Kingdom
1447
-14
ZEK000
2:59 Loom
13:16 Feudal Age
17:34 Castle Age
16:16 Double-Bit Axe
17:57 Wheelbarrow
17:09 Town Watch
17:17 Fishing Lines
18:44 Bow Saw
Buhr
4:47 Loom
5:34 Loom
15:30 Feudal Age
19:22 Castle Age
17:27 Town Watch
Frankie Fast Hands
9:42 Loom
13:38 Feudal Age
18:19 Castle Age
TsuksEST
4:38 Loom
13:22 Feudal Age
15:02 Forging
16:54 Castle Age
15:20 Double-Bit Axe
16:47 Scale Barding Armor
18:15 Iron Casting
17:52 Bow Saw
SSx_APOCALIPSE
5:32 Loom
12:28 Feudal Age
13:03 Double-Bit Axe
14:02 Gold Mining
虞小梅
5:50 Loom
16:30 Feudal Age
17:05 Double-Bit Axe
17:43 Stone Mining
20:22 Castle Age
18:21 Gold Mining
18:22 Fishing Lines
网恋被骗50块
5:10 Loom
14:38 Feudal Age
15:26 Double-Bit Axe
19:06 Castle Age
17:23 Fishing Lines
18:39 Bloodlines
18:25 Stone Mining
天崩地裂
4:49 Loom
13:32 Feudal Age
14:17 Town Watch
17:20 Castle Age
15:44 Double-Bit Axe
16:27 Horse Collar
18:05 Fletching
Connection lost

Rejoining the realm…

Still unreachable

The connection could not be restored.

Session expired

The server has moved on; the page needs a fresh start.